 Dungeon Crawl Stone Soup version 0.29-a0-982-gaed3a0c8d8 (webtiles) character file.

Game seed: 11005930363045059121

2117 pascalblue the Magician (level 9, -5/45 HPs)
             Began as a Deep Elf Hedge Wizard on July 28, 2022.
             Was an Initiate of Vehumet.
             Shot with an arrow by a centaur (13 damage)
             ... on level 6 of the Dungeon on Aug 1, 2022.
             The game lasted 00:39:09 (9146 turns).

pascalblue the Magician (Deep Elf Hedge Wizard)     Turns: 9146, Time: 00:39:10

Health: -5/45      AC:  6    Str:  7    XL:     9   Next: 8%
Magic:  28/31      EV: 13    Int: 24    God:    Vehumet [......]
Gold:   343        SH:  0    Dex: 14    Spells: 7/22 levels left

rFire   . . .      SeeInvis .   v - staff of conjuration
rCold   . . .      Faith    .   (no shield)
rNeg    . . .      Spirit   .   b - +1 robe
rPois   .          Reflect  .   i - +2 helmet
rElec   .          Harm     .   (no cloak)
rCorr   .          Rampage  .   (no gloves)
Will    +....                   (no boots)
Stlth   ++........              w - amulet of the acrobat
HPRegen 0.15/turn               q - ring of magical power
MPRegen 0.22/turn               m - ring of willpower

@: no status effects
A: no striking features
a: Renounce Religion


You were on level 6 of the Dungeon.
You worshipped Vehumet.
Vehumet was noncommittal.
You visited 2 branches of the dungeon, and saw 7 of its levels.

You collected 343 gold pieces.

Inventory:

Hand Weapons
 a - a +0 dagger
 j - a +0 vorpal short sword
 o - a +4 dagger of draining
Missiles
 e - 35 stones
 n - 2 boomerangs of dispersal
Armour
 b - a +1 robe (worn)
 c - a +0 hat
 i - a +2 helmet (worn)
Magical Staves
 h - a staff of air
 v - a staff of conjuration (weapon)
Jewellery
 m - a ring of willpower (right hand)
 q - a ring of magical power (left hand)
 w - an amulet of the acrobat (around neck)
 B - a ring of protection from fire
 C - an amulet of the acrobat
Wands
 t - a wand of flame (15)
 E - a wand of iceblast (9)
Scrolls
 g - 2 scrolls of poison
 y - a scroll of teleportation
 A - 2 scrolls of enchant armour
Potions
 d - a potion of magic
 f - 3 potions of might
 k - a potion of attraction
 l - 2 potions of flight
 p - 2 potions of resistance
 r - a potion of heal wounds {unknown}
 s - 3 potions of lignification
 u - 6 potions of degeneration
 x - a potion of ambrosia {unknown}
 z - a potion of mutation {unknown}
 D - a potion of curing {unknown}


   Skills:
 - Level 3.0 Dodging
 - Level 3.0 Stealth
 + Level 7.4 Spellcasting
 * Level 7.3 Conjurations
 * Level 4.4 Hexes
 - Level 2.0 Summonings
 - Level 2.0 Translocations
 + Level 4.4 Fire Magic
 + Level 4.0 Air Magic
 + Level 4.4 Poison Magic


You had 7 spell levels left.
You knew the following spells:

 Your Spells              Type           Power      Damage    Failure   Level
a - Magic Dart            Conj           100%       1d8       1%          1
b - Mephitic Cloud        Conj/Pois/Air  51%        N/A       2%          3
c - Conjure Flame         Conj/Fire      54%        6-21      1%          3
d - Blink                 Tloc           36%        N/A       4%          2
e - Call Imp              Summ           18%        N/A       4%          2
f - Slow                  Hex            100%       N/A       1%          1
g - Tukima's Dance        Hex            30%        N/A       3%          3

Your spell library contained the following spells:

 Spells                   Type           Power      Damage    Failure   Level
 Passage of Golubria      Tloc           18%        N/A       30%         4
 Yara's Violent Unravell  Hex/Tmut       9%         3d6       61%         5


Dungeon Overview and Level Annotations

Branches:
Dungeon (6/15)             Temple (1/1) D:5

Altars:
Ashenzari
Cheibriados
Elyvilon
Gozag
Hepliaklqana
Makhleb
Okawaru
Qazlal
Ru
Vehumet
Wu Jian
Xom
Zin

Shops:
D:1 (


Message History

Casting: Magic Dart (safe; 1% risk of failure)
Confirm with . or Enter, or press ? or * to list all spells.
Aiming: Magic Dart (safe; 1% risk of failure)
Press: ? - help, Shift-Dir - straight line, f/p - centaur
Aim: a centaur, wielding a +0 shortbow (moderately wounded, 100% to hit)
You feel a surge of power!
The magic dart hits the centaur.
The centaur is heavily wounded.
The centaur shoots an arrow.
The arrow hits you!
The centaur shoots an arrow.
The arrow hits you!
Casting: Magic Dart (safe; 1% risk of failure)
Confirm with . or Enter, or press ? or * to list all spells.
Aiming: Magic Dart (safe; 1% risk of failure)
Press: ? - help, Shift-Dir - straight line, f/p - centaur
Aim: a centaur, wielding a +0 shortbow (heavily wounded, 100% to hit)
You feel a surge of power!
The magic dart hits the centaur.
The centaur is heavily wounded.
The centaur shoots an arrow.
The arrow hits you.
Casting: Magic Dart (safe; 1% risk of failure)
Confirm with . or Enter, or press ? or * to list all spells.
A beastly little devil appears in a puff of flame.
The centaur shoots an arrow.
The arrow barely misses you.
The centaur shoots an arrow.
The arrow hits you!
* * * LOW HITPOINT WARNING * * *
What are your orders? t - Shout!
Orders for allies: a - Attack new target. p - Attack previous target. r - Retreat! s - Stop attacking. g - Guard the area. f - Follow me.
Anything else - Cancel.
Gang up on whom?
Press: ? - help, Dir - move target, f/p - centaur
Aim: a centaur, wielding a +0 shortbow (heavily wounded, ally target) Attack!
The centaur shoots an arrow.
The arrow hits your crimson imp!
Okay, then.
As you read the scroll labelled KASOFA YNUU, it crumbles to dust.
It is a scroll of enchant armour.
Your +0 robe glows green for a moment.
The centaur shoots an arrow.
The arrow barely misses your crimson imp.
The arrow hits you!
You die...

##....†.....## ####c..
##............###......#
#....†.........#.......#
#.......................
#..............#.c....#
#...........>....##
#..............#5#
##...).........#.#
##.........>..@.#
#########...<.## #....##
#....# #....# ######


You could see a centaur (ally target) and a friendly crimson imp (summoned).

Vanquished Creatures
  Grinder (D:3)
  Sigmund (D:3)
  A black bear (D:5)
  An ice beast (D:5)
  An ogre (D:5)
  A centaur (D:4)
  2 phantoms
  3 bullfrogs
  A scorpion (D:4)
  A water moccasin zombie (D:3)
  2 wights (D:6)
  3 hounds
  A jelly (D:3)
  2 orc priests (D:5)
  3 iguanas
  2 orc wizards
  A howler monkey skeleton (D:3)
  9 adders
  2 gnolls
  A shadow imp (D:5)
  A white imp (D:5)
  2 adder skeletons (D:3)
  2 worms
  3 dart slugs
  30 orcs
  5 ball pythons
  8 bats
  4 endoplasms
  4 giant cockroaches
  10 hobgoblins
  4 jackals (D:1)
  7 quokkas
  2 frilled lizards (D:1)
  9 goblins
  7 kobolds
  A quokka skeleton (D:3)
  6 rats
144 creatures vanquished.

Vanquished Creatures (collateral kills)
  A scorpion (D:6)
  A wight (D:6)
  A jelly (D:5)
  An orc priest (D:5)
  A hound (D:5)
  An orc wizard (D:5)
  2 gnolls (D:3)
  An adder (D:3)
  2 orcs
11 creatures vanquished.

Grand Total: 155 creatures vanquished

Notes
Turn   | Place    | Note
-------+----------+-------------------------------------------
     0 | D:1      | pascalblue the Deep Elf Hedge Wizard began the quest for
                  | the Orb.
     0 | D:1      | Reached XP level 1. HP: 10/10 MP: 7/7
   313 | D:1      | Reached XP level 2. HP: 14/15 MP: 5/9
   727 | D:1      | Reached XP level 3. HP: 19/19 MP: 9/11
  1120 | D:1      | Found Ashra's Antique Weapon Emporium.
  2014 | D:2      | Found a faded altar of an unknown god.
  2112 | D:2      | Learned a level 3 spell: Mephitic Cloud
  2116 | D:2      | Learned a level 3 spell: Conjure Flame
  2119 | D:2      | Learned a level 2 spell: Blink
  2122 | D:2      | Learned a level 2 spell: Call Imp
  2467 | D:2      | Reached XP level 4. HP: 22/24 MP: 12/12
  3143 | D:3      | Identified the +1 leather armour of the Evil One {rN+}
  3405 | D:3      | Reached skill level 5 in Spellcasting
  3640 | D:3      | Reached XP level 5. HP: 25/28 MP: 14/14
  3653 | D:3      | Reached skill level 1 in Fire Magic
  3653 | D:3      | Reached skill level 1 in Air Magic
  3653 | D:3      | Reached skill level 1 in Poison Magic
  4183 | D:3      | Noticed Grinder
  4220 | D:3      | Killed Grinder
  4221 | D:3      | Reached XP level 6. HP: 5/32 MP: 8/16
  4596 | D:3      | Noticed Sigmund
  4650 | D:3      | Killed Sigmund
  4651 | D:3      | Reached XP level 7. HP: 36/36 MP: 17/18
  5000 | D:3      | Reached skill level 5 in Conjurations
  6152 | D:4      | Reached XP level 8. HP: 23/41 MP: 0/19
  6284 | D:4      | Learned a level 1 spell: Slow
  6426 | D:4      | Found a hazy altar of Hepliaklqana.
  6830 | D:5      | Entered Level 5 of the Dungeon
  7007 | D:5      | Reached skill level 1 in Hexes
  7211 | D:5      | Upgraded the game from 0.29-a0-925-g0a7a3d12f8 to
                  | 0.29-a0-982-gaed3a0c8d8
  7229 | D:5      | Learned a level 3 spell: Tukima's Dance
  7301 | D:5      | Found a staircase to the Ecumenical Temple.
  7306 | Temple   | Entered the Ecumenical Temple
  7481 | Temple   | Became a worshipper of Vehumet
  7765 | D:5      | Found a shimmering altar of Xom.
  8921 | D:6      | Reached XP level 9. HP: 41/45 MP: 20/21
  9146 | D:6      | Shot with an arrow by a centaur

Illustrated notes

Levels and vault maps discovered:
D:1:      dpeg_arrival_long_road, layout_loops_corners, serial_shops,
          nicolae_shop_behind_doors, dk_noncrumbling_3, nrook_uturn,
          chequers_serial_rivers_marsh, minmay_surrounded
D:2:      layout_basic, ebering_ecumenical_altar_sacrificial
D:3:      layout_loops_corners, serial_undead, serial_undead_d, serial_undead_f,
          serial_undead_e, serial_undead_d, uniq_grinder, uniq_sigmund
D:4:      layout_loops_cross, nicolae_overflow_hidden_temple, grunt_tough_drop
D:5:      layout_basic, marbit_many_paths, temple_doors_cd, corner_web_ring,
          chequers_serial_rivers_micro_b
D:6:      layout_rooms, ebering_ghost_disaster_area, minivault_26
Temple:   grunt_temple_mini_profane

Skill      XL: |  1  2  3  4  5  6  7  8 |
---------------+-------------------------+-----
Conjurations   | 2 3 4 5 7 |  7.3
Stealth        | 3 |  3.0
Summonings     | 2 |  2.0
Dodging        | 3 |  3.0
Spellcasting   | 5 6 7 |  7.4
Translocations | 2 |  2.0
Fire Magic     | 2 3 4 |  4.4
Air Magic      | 2 3 4 |  4.0
Poison Magic   | 2 3 4 |  4.4
Hexes          | 4 |  4.4

Action                   |  1- 3 |  4- 6 |  7- 9 || total
-------------------------+-------+-------+-------++-------
Melee: Dagger            |     1 |       |       ||     1
       Staff             |       |       |    21 ||    21
 Cast: Magic Dart        |   122 |   135 |   237 ||   494
       Call Imp          |       |     7 |    23 ||    30
       Mephitic Cloud    |       |     3 |    14 ||    17
       Blink             |       |     2 |     7 ||     9
       Tukima's Dance    |       |       |     1 ||     1
  Use: Scroll            |    10 |     2 |    11 ||    23
       Potion            |       |     1 |       ||     1
Armor: Robe              |     6 |    11 |    33 ||    50
Dodge: Dodged            |    14 |    30 |   107 ||   151

Table legend: (Time is in decaauts)
 A = Elapsed time spent in this place.
 B = Non-inter-level travel time spent in this place.
 C = Inter-level travel time spent in this place.
 D = Time resting spent in this place.
 E = Time spent auto-exploring this place.
 F = Levels seen in this place.
 G = Mean time per level.
                   A        B        C        D        E       F      G
               +--------+--------+--------+--------+--------+-----+--------+
         Total |   9132 |   8917 |    215 |   1282 |   6294 |   7 | 1304.6 |
       Dungeon |   8918 |   8742 |    176 |   1282 |   6125 |   6 | 1486.3 |
        Temple |    213 |    175 |     38 |      0 |    169 |   1 |  213.0 |
               +--------+--------+--------+--------+--------+-----+--------+

Top non-repeatable levels by time:
     D:3: 2467 daAuts
     D:1: 1750 daAuts
     D:5: 1535 daAuts
     D:2: 1342 daAuts
     D:4: 1251 daAuts
     D:6: 570 daAuts
  Temple: 213 daAuts
